 Dungeon Crawl Stone Soup version 0.28.0-43-g3370ac3207 (webtiles) character file.

Game seed: 12002898382889162118

379 experimilk the Cudgeller (level 6, -6/50 HPs)
             Began as a Palentonga Abyssal Knight on Mar 3, 2022.
             Was a Priest of Lugonu.
             Killed by nerve-wracking pain
             ... invoked by Grinder
              (7 damage)
             ... on level 5 of the Dungeon.
             The game lasted 00:15:40 (4534 turns).

experimilk the Cudgeller (PaAK)                     Turns: 4534, Time: 00:15:40

Health: -6/50      AC:  8    Str: 18    XL:     6   Next: 45%
Magic:  7/7        EV:  3    Int: 11    God:    Lugonu [***...]
Gold:   32         SH:  6    Dex: 10    Spells: 5/5 levels left

rFire   . . .      SeeInvis +   p - +1 whip (elec)
rCold   . . .      Faith    .   l - +0 kite shield
rNeg    . . .      Spirit   .   d - +0 chain mail
rPois   .          Reflect  .   f - +0 helmet
rElec   .          Harm     .   (no cloak)
rCorr   .          Rampage  .   (no gloves)
Will    .....                   (no barding)
Stlth   ..........              (no amulet)
HPRegen 0.16/turn               (no ring)
MPRegen 0.10/turn               (no ring)

@: mighty
A: large, rugged brown scales 3, see invisible, deformed body, roll 1, armoured
tail
a: Rolling Charge, Renounce Religion, Depart the Abyss, Bend Space, Banish


You were on level 5 of the Dungeon.
You worshipped Lugonu.
Lugonu was most pleased with you.
You visited 1 branch of the dungeon, and saw 5 of its levels.
You visited the Abyss 1 time.

You collected 162 gold pieces.
You spent 130 gold pieces at shops.

Inventory:

Hand Weapons
 a - a +2 mace
 m - a +0 flail
 o - a +0 morningstar
 p - a +1 whip of electrocution (weapon)
Armour
 b - a +0 leather armour
 d - a +0 chain mail (worn)
 f - a +0 helmet (worn)
 l - a +0 kite shield (worn)
Scrolls
 c - a scroll of immolation
 n - a scroll of fear {unknown}
 q - a scroll of blinking {unknown}
Potions
 e - 2 potions of mutation
 g - 3 potions of lignification {unknown}
 h - 2 potions of invisibility
 i - a potion of attraction {unknown}
 j - a potion of brilliance {unknown}
 k - a potion of magic {unknown}
 r - 2 potions of curing


   Skills:
 + Level 3.3 Fighting
 * Level 6.3 Maces & Flails
 + Level 2.0 Armour
 - Level 0.9 Dodging
 - Level 0.6 Shields
 + Level 2.2 Invocations


You had 5 spell levels left.
You didn't know any spells.
Your spell library contained the following spells:

 Spells                   Type           Power      Damage    Failure   Level
 Sting                    Tmut/Pois      0%         1d3       100%        1
 Poisonous Vapours        Pois/Air       0%         N/A       100%        2
 Olgreb's Toxic Radiance  Pois           0%         N/A       100%        4


Dungeon Overview and Level Annotations

Branches:
Dungeon (5/15)
 Temple: D:4-7

Altars:
Fedhas

Shops:
D:1 ?   D:4 !

Annotations:
D:4 3 runed translucent doors, RascalDebosk's ghost, amateur FeCj
D:5 Grinder


Innate Abilities, Weirdness & Mutations

You are completely covered in rugged brown scales. (AC +3, +7% HP)
You have supernaturally acute eyesight. (SInv)
Armour fits poorly on your strangely shaped body.
You can roll at nearby foes to attack.
You have a long armoured tail.


Message History

Unknown command.
Space bends around you!
You blink.
Grinder blinks!
Roll where?
Press: ? - help, Dir - move target, f/p - Grinder
Aim: Grinder, carrying a wand of flame (25)
You roll forward with a clatter of scales!
You hit Grinder but do no damage.
Grinder zaps a wand.
The puff of flame misses you.
You whack Grinder!
Grinder is moderately wounded.
Grinder zaps a wand.
The puff of flame hits you!
You closely miss Grinder.
Grinder is moderately wounded.
Grinder hits you.
You writhe in agony.
You feel very mighty all of a sudden. Grinder hits you.
You closely miss Grinder.
Grinder is moderately wounded.
Grinder hits you.
You writhe in agony.
You closely miss Grinder.
Grinder is moderately wounded.
Grinder zaps a wand.
The puff of flame hits you.
You whack Grinder! Lightning courses through Grinder!
Grinder is severely wounded.
Grinder hits you.
You writhe in agony.
* * * LOW HITPOINT WARNING * * *
You barely miss Grinder.
Grinder is severely wounded.
Grinder zaps a wand.
The puff of flame hits you.
* * * LOW HITPOINT WARNING * * *
You hit Grinder but do no damage.
Grinder is severely wounded.
Grinder zaps a wand.
The puff of flame hits you.
* * * LOW HITPOINT WARNING * * *
You hit Grinder.
Your tail-slap misses Grinder.
Grinder is severely wounded.
Grinder gestures at you. Pain shoots through your body!
You die...

######## #......#
#......# #.5@...#
#......#
#.....[#######
#......#.....#
#......#.....# ##
####'###.....# #.
#...........# #.
#....##.....###+##.
#....##.....##<..#.


You could see Grinder.

Vanquished Creatures
  Menkaure (D:4)
  A bullfrog skeleton (D:4)
  An iguana (D:3)
  An orc wizard (D:4)
  3 gnolls (D:2)
  3 adders (D:2)
  A white imp (D:3)
  A worm (D:3)
  4 dart slugs
  12 orcs
  8 ball pythons
  5 bats
  9 endoplasms
  2 giant cockroaches (D:1)
  5 goblins
  4 hobgoblins
  5 jackals
  12 kobolds
  3 quokkas
  5 frilled lizards
  A jackal skeleton (D:4)
  7 rats
94 creatures vanquished.

Notes
Turn   | Place    | Note
-------+----------+-------------------------------------------
     0 | Abyss:1  | experimilk the Palentonga Abyssal Knight began the quest
                  | for the Orb.
     0 | Abyss:1  | Reached XP level 1. HP: 19/19 MP: 2/2
    50 | Abyss:1  | Noticed a chaos spawn
    50 | D:1      | Escaped the Abyss
    67 | D:1      | Found a faded altar of an unknown god.
    67 | D:1      | Reached * piety under Lugonu
    87 | D:1      | Found Nyqeun's Magic Scroll Shoppe.
   398 | D:1      | Reached XP level 2. HP: 24/25 MP: 3/3
   666 | D:1      | Reached skill level 3 in Maces & Flails
   709 | D:1      | Reached XP level 3. HP: 29/31 MP: 4/4
  1136 | D:2      | Reached skill level 4 in Maces & Flails
  1162 | D:2      | Reached XP level 4. HP: 25/37 MP: 5/5
  1437 | D:2      | Reached ** piety under Lugonu
  2087 | D:2      | Found a blossoming altar of Fedhas.
  2480 | D:3      | Reached skill level 5 in Maces & Flails
  2525 | D:3      | Reached XP level 5. HP: 43/43 MP: 6/6
  3530 | D:4      | Found a runed translucent gate.
  3530 | D:4      | Found a runed translucent gate.
  3530 | D:4      | Found a runed translucent gate.
  3535 | D:4      | Noticed RascalDebosk's ghost (amateur FeCj)
  3573 | D:4      | Reached *** piety under Lugonu
  3605 | D:4      | Noticed Menkaure
  3631 | D:4      | Killed Menkaure
  3632 | D:4      | Reached skill level 6 in Maces & Flails
  3632 | D:4      | Reached XP level 6. HP: 4/50 MP: 7/7
  4124 | D:4      | Found Kixtop's Distillery.
  4133 | D:4      | Bought a potion of curing for 39 gold pieces
  4133 | D:4      | Bought a potion of might for 52 gold pieces
  4133 | D:4      | Bought a potion of curing for 39 gold pieces
  4458 | D:5      | Entered Level 5 of the Dungeon
  4517 | D:5      | Noticed Grinder
  4518 | D:5      | Paralysed by Grinder for 3 turns
  4533 | D:5      | HP: 1/50 [Grinder/puff of flame (6)]
  4534 | D:5      | Killed from afar by Grinder

Illustrated notes

Levels and vault maps discovered:
D:1:      dpeg_arrival_pond, layout_loops_ring,
          hellmonk_ecumenical_altar_blasted, serial_shops,
          nicolae_shop_statue_plus, st_stairs_4
D:2:      layout_loops_ring, basic_altar, guppyfry_early_orc_mine
D:3:      minmay_general_purpose_star, layout_rooms
D:4:      layout_rooms, serial_shops, nicolae_square_shop,
          gammafunk_ghost_necromancy, chequers_serial_rivers_micro_e,
          kennysheep_dice, uniq_menkaure
D:5:      layout_gridville, uniq_crazy_yiuf_cottage, uniq_grinder,
          uniq_prince_ribbit1

Skill      XL: |  1  2  3  4  5 |
---------------+----------------+-----
Maces & Flails | 3 4 5 6 |  6.3
Armour         | 2 |  2.0
Fighting       | |  3.3
Dodging        | |  0.9
Shields        | |  0.6
Invocations    | |  2.2

Action                   |  1- 3 |  4- 6 || total
-------------------------+-------+-------++-------
Melee: Mace              |    76 |    81 ||   157
       Tailslap          |     9 |    15 ||    24
       Punch             |     1 |     1 ||     2
       Whip              |       |    71 ||    71
       Flail             |       |     8 ||     8
       Morningstar       |       |     8 ||     8
Invok: Depart the Abyss  |     1 |       ||     1
       Bend Space        |       |     1 ||     1
 Abil: Rolling Charge    |    23 |    32 ||    55
  Use: Scroll            |     3 |     2 ||     5
       Potion            |       |     1 ||     1
Armor: Leather armour    |     3 |       ||     3
       Chain mail        |    34 |    65 ||    99
Dodge: Dodged            |    16 |    18 ||    34
Block: Kite shield       |       |    21 ||    21
